cohdb
Replays
Latest Replays
All Replays
Popular Replays
Top Player Replays
Match Explorer
How It Works
Community
CoH3 Stats
Reddit
Sign in to upload your games and track your stats! →
Sign in with Steam
Match 25045657
Unlisted
Match 25045657
Overview
Messages
Build Orders
End
Construct Barracks
Selects Armored Battlegroup
Selects Veteran Crews
1⁄4-ton 4x4 Truck
Riflemen Squad
Riflemen Squad
Riflemen Squad
Grenade Package
Construct Medical Station
Riflemen Squad
Infantry Support Center
M1918 Browning Automatic Rifles
Construct Motor Pool
Riflemen Squad
M8 Greyhound Armored Car
Selects Fast Deploy
Selects Field Repairs
M8 Greyhound Armored Car
Selects War Machine
Engineer Squad
ConcernedApe
Xiaya
0
0
Comments
sign in to comment!
No comments posted yet!